 Dungeon Crawl Stone Soup version 0.31-a0-940-gdaa99269f9 (webtiles) character file.

Game seed: 4446193492306162506

15537 sammy202020 the Fighter (level 12, -6/80 HPs)
             Began as a Gargoyle Berserker on Oct 21, 2023.
             Was a High Priest of Trog.
             Mangled by a death yak (11 damage)
             ... on level 2 of the Lair of Beasts.
             The game lasted 00:17:06 (9329 turns).

sammy202020 the Fighter (Gargoyle Berserker)        Turns: 9329, Time: 00:17:07

Health: -6/80      AC: 24    Str: 21    XL:     12   Next: 28%
Magic:  12/12      EV: 11    Int: 15    God:    Trog [*****.]
Gold:   480        SH: 11    Dex: 14    Spells: 11/11 levels left

rFire   + . .        t - +5 demon whip of a treasure trove {venom, rF+ Int+4}
rCold   + . .        o - +0 kite shield
rNeg    + . .        p - +2 chain mail {Will+}
rPois   ∞            (no helmet)
rElec   +            (no cloak)
rCorr   .            (no gloves)
SInv    .            D - +0 pair of boots {rampage}
Will    +....        c - amulet of magic regeneration Stlth
                     k - ring of Amelioration {rC+ Dex+3 Stlth+}
HPRegen 0.33/turn    u - +4 ring of slaying
MPRegen 0.53/turn

%: rampage
@: studying 2 skills
A: sickness immunity, AC +8, negative energy resistance 1, electricity
resistance, torment resistance 1, petrification resistance
a: Renounce Religion, Berserk, Trog's Hand, Brothers in Arms


You were on level 2 of the Lair of Beasts.
You worshipped Trog.
Trog was extremely pleased with you.
You visited 2 branches of the dungeon, and saw 11 of its levels.

You collected 835 gold pieces.
You spent 355 gold pieces at shops.

Inventory:

Hand Weapons
 i - a +0 hand axe
 l - a +0 flail
 t - the +5 demon whip of a treasure trove (weapon) {venom, rF+ Int+4}
   (You acquired it on level 4 of the Dungeon)

   Int+4:     It affects your intelligence (+4).
   rF+:       It protects you from fire.
 A - a +3 scimitar of flaming
Missiles
 m - 3 throwing nets
Armour
 o - a +0 kite shield (worn)
 p - a +2 chain mail of willpower (worn)
 D - a +0 pair of boots of rampaging (worn)
Jewellery
 c - an amulet of magic regeneration (around neck)
 g - an amulet of faith
 k - the ring of Amelioration (left hand) {rC+ Dex+3 Stlth+}
   (You found it on level 5 of the Dungeon)

   [ring of protection from cold]

   Dex+3:     It affects your dexterity (+3).
   rC+:       It protects you from cold.
   Stlth+:    It makes you more stealthy.
 r - a ring of positive energy
 u - a +4 ring of slaying (right hand)
Wands
 x - a wand of paralysis (22)
 y - a wand of flame (43)
Scrolls
 f - 7 scrolls of enchant weapon
 h - a scroll of poison
 n - 4 scrolls of immolation
 s - 2 scrolls of teleportation
 v - 4 scrolls of identify
 w - 2 scrolls of vulnerability
 B - a scroll of blinking
 C - a scroll of fog
Potions
 b - 4 potions of attraction
 d - 3 potions of brilliance
 e - 6 potions of heal wounds
 j - a potion of enlightenment
 q - a potion of lignification
 z - 2 potions of berserk rage


   Skills:
 * Level 11.0 Fighting
 * Level 10.1 Maces & Flails
 * Level 10.7 Armour
 + Level 8.0 Dodging
 * Level 9.0 Shields


You had 11 spell levels left.
You didn't know any spells.
Your spell library was empty.

Dungeon Overview and Level Annotations

Branches:
Dungeon (9/15)             Temple (0/1) D:6            Lair (2/5) D:9
  Swamp: Lair:2-3    Shoals: Lair:2-3     Snake: Lair:2-3    Spider: Lair:2-3
    Orc: D:9-12

Altars:
Cheibriados
Makhleb
Qazlal
Ru
Sif Muna
Uskayaw
Vehumet
Xom
The Shining One

Shops:
D:4 ?   D:5 [

Annotations:
D:9 exclusion: ice statue


Innate Abilities, Weirdness & Mutations

You are immune to sickness and miasma.
Your stone body is resilient. (AC +8)
You are immune to poison.
You resist negative energy. (rN+)
You are resistant to electric shocks. (rElec)
You are resistant to unholy torment.
You are immune to petrification.


Message History

The death yak gores the plant!!
You hit the death yak.
The death yak is almost dead.
You block the death yak's attack.
The death yak gores the plant!
The death yak gores you!!
* * * LOW HITPOINT WARNING * * *
You are too injured to fight recklessly!
You are too injured to fight recklessly!
You are too injured to fight recklessly!
You are too injured to fight recklessly!
You are too injured to fight recklessly!
You are too injured to fight recklessly!
You are too injured to fight recklessly!
You are too injured to fight recklessly!
You are too injured to fight recklessly!
You are too injured to fight recklessly!
You are too injured to fight recklessly!
You are too injured to fight recklessly!
You are too injured to fight recklessly!
You are too injured to fight recklessly!
You are too injured to fight recklessly!
You are too injured to fight recklessly!
You are too injured to fight recklessly!
Unknown command.
A nearby plant withers and dies.
The death yak attacks as it pursues you!
The death yak gores you.
* * * LOW HITPOINT WARNING * * *
You kill the death yak!
Trog accepts your kill.
Your Shields skill increases to level 9!
The death yak attacks as it pursues you!
The death yak closely misses you. You block the death yak's attack.
The death yak attacks as it pursues you!
The death yak gores you!
* * * LOW HITPOINT WARNING * * *
The death yak attacks as it pursues you!
The death yak gores you!
You die...

............#.#....P..#,*,,****,*
..#....#....####.#.P.##,,,,**,,,,
..#...P#.#..PP.......P#,,,,,,,,,,
,.##.####........##...#,*,****,,*
,.##..####.#.Y####...##*,,,,,,,,*
*.#..#####.##.#.###...#.,,,,*,,,*
,.....####.............[..#**,,,*
*P...####..P.#.Y.#...#P...# *,...
,S....##.....##[@.........# **P.#
,,,,.........#P...<......## *..#
,,,*#.#.#.........#.###...# ##.#
,***#*####P##.P.##### *...####...
,*,*** #####..## *,.........
,,,,,* ##.P# *****#...†# ,***,*
#.†.# *#.#.# ***,,*** ##.## *#..#
**,*,* ##.####### ##.#


You could see 2 death yaks.

Vanquished Creatures
  2 boulder beetles (Lair:1)
  2 death yaks (Lair:2)
  Erica (D:8)
  2 black mambas (Lair:1)
  5 cane toads
  A torpor snail (Lair:2)
  3 komodo dragons
  A polar bear (Lair:2)
  7 blink frogs
  A shadow (D:9)
  3 wyverns (D:9)
  2 wraiths
  A steam dragon (D:8)
  2 basilisks
  11 yaks
  A vampire mosquito (D:9)
  Edmund (D:6)
  Menkaure (D:6)
  7 water moccasins
  Duvessa (D:4)
  A sky beast (D:8)
  2 ice beasts (D:6)
  3 ogres
  2 orc warriors
  3 black bears
  A centaur (D:9)
  2 kobold brigands
  12 bullfrogs
  A scorpion (D:5)
  3 wights (D:9)
  Dowan (D:4)
  15 killer bees
  4 crimson imps (D:6)
  4 hounds
  2 orc priests
  2 gnoll boudas
  4 jellies
  A sleepcap (D:4)
  6 iguanas
  7 orc wizards
  10 gnolls
  A river rat (D:4)
  4 adders
  3 white imps
  4 worms
  A dart slug (D:3)
  38 orcs
  7 bats
  9 endoplasms
  5 giant cockroaches
  10 goblins
  8 hobgoblins
  5 jackals
  2 quokkas
  5 ball pythons
  4 frilled lizards
  12 kobolds
  10 rats
269 creatures vanquished.

Notes
Turn   | Place    | Note
-------+----------+-------------------------------------------
     0 | D:1      | sammy202020 the Gargoyle Berserker began the quest for the
                  | Orb.
     0 | D:1      | Reached XP level 1. HP: 14/14 MP: 1/1
    53 | D:1      | Reached XP level 2. HP: 8/19 MP: 2/2
   153 | D:1      | Found a faded altar of an unknown god.
   166 | D:1      | Reached XP level 3. HP: 12/23 MP: 3/3
   285 | D:1      | Reached ** piety under Trog
   985 | D:2      | Reached XP level 4. HP: 20/29 MP: 4/4
  1059 | D:2      | Reached skill level 4 in Fighting
  1717 | D:3      | Reached XP level 5. HP: 25/34 MP: 5/5
  1737 | D:3      | Reached *** piety under Trog
  2432 | D:3      | Found a glowing golden altar of the Shining One.
  2655 | D:4      | Noticed an ogre
  2660 | D:4      | Reached XP level 6. HP: 21/40 MP: 6/6
  2666 | D:4      | Reached skill level 5 in Fighting
  2948 | D:4      | Noticed Duvessa
  2948 | D:4      | Noticed Dowan
  2957 | D:4      | Killed Duvessa
  2958 | D:4      | Reached XP level 7. HP: 37/44 MP: 7/7
  2981 | D:4      | Killed Dowan
  3162 | D:4      | Found Vunwuo's Magic Scroll Shoppe.
  3398 | D:4      | Reached skill level 5 in Maces & Flails
  3604 | D:4      | Bought a scroll of enchant weapon for 75 gold pieces
  3604 | D:4      | Bought a scroll of enchant armour for 75 gold pieces
  3604 | D:4      | Bought a scroll of identify for 20 gold pieces
  3604 | D:4      | Bought a scroll of identify for 20 gold pieces
  3604 | D:4      | Identified 2 scrolls of acquirement
  3604 | D:4      | Acquired the +5 demon whip of a treasure trove {venom, rF+
                  | Int+4}
  3663 | D:5      | Entered Level 5 of the Dungeon
  3721 | D:5      | Found Soel's Armour Boutique.
  3777 | D:5      | Identified the ring of Amelioration {rC+ Dex+3 Stlth+}
  3824 | D:5      | Reached skill level 5 in Armour
  3880 | D:5      | Reached skill level 6 in Fighting
  4342 | D:5      | Reached XP level 8. HP: 44/51 MP: 8/8
  4453 | D:5      | Found a shimmering blue altar of Sif Muna.
  4454 | D:5      | Found a sacrificial altar of Ru.
  4553 | D:5      | Acquired a manual of Dodging
  4676 | D:5      | Bought a +1 chain mail of willpower for 165 gold pieces
  4707 | D:6      | Reached skill level 1 in Shields
  4725 | D:6      | Found a staircase to the Ecumenical Temple.
  4744 | D:6      | Found a shimmering altar of Xom.
  4804 | D:6      | You fall into a shaft and drop 2 floors!
  4824 | D:7      | Found a stormy altar of Qazlal.
  4897 | D:6      | Noticed Edmund
  4903 | D:6      | Killed Edmund
  4911 | D:6      | Found a hide-covered altar of Uskayaw.
  4926 | D:6      | Reached **** piety under Trog
  5057 | D:6      | Found a snail-covered altar of Cheibriados.
  5085 | D:6      | Reached skill level 7 in Fighting
  5153 | D:6      | Found a radiant altar of Vehumet.
  5160 | D:6      | Reached XP level 9. HP: 57/57 MP: 9/9
  5207 | D:6      | Noticed Menkaure
  5213 | D:6      | Killed Menkaure
  6432 | D:8      | Noticed Erica
  6443 | D:8      | Killed Erica
  6444 | D:8      | Reached skill level 8 in Fighting
  6444 | D:8      | Reached skill level 5 in Dodging
  6444 | D:8      | Reached skill level 5 in Shields
  6479 | D:8      | Reached XP level 10. HP: 55/64 MP: 10/10
  6898 | D:8      | Found a burning altar of Makhleb.
  6990 | D:9      | Noticed an ice statue
  7196 | D:9      | Reached skill level 9 in Fighting
  7229 | D:9      | Found a staircase to the Lair.
  7528 | D:9      | Reached XP level 11. HP: 71/71 MP: 11/11
  7696 | D:9      | Reached ***** piety under Trog
  7809 | D:14     | Identified the "Obolef"
  7809 | Lair:1   | Entered Level 1 of the Lair of Beasts
  7948 | Lair:1   | Reached skill level 10 in Fighting
  8467 | Lair:1   | Reached skill level 10 in Armour
  8725 | Lair:1   | Found a transporter.
  8725 | Lair:1   | Found a transporter.
  8725 | Lair:1   | Noticed a boulder beetle
  8725 | Lair:1   | Noticed a boulder beetle
  8907 | Lair:1   | Killed a boulder beetle
  8912 | Lair:1   | Killed a boulder beetle
  8998 | Lair:2   | Noticed a death yak
  9003 | Lair:2   | Reached XP level 12. HP: 48/79 MP: 12/12
  9012 | Lair:2   | Killed a death yak
  9206 | Lair:2   | Reached skill level 10 in Maces & Flails
  9212 | Lair:2   | Reached skill level 11 in Fighting
  9306 | Lair:2   | Noticed a death yak
  9307 | Lair:2   | Noticed a death yak
  9310 | Lair:2   | Noticed a death yak
  9319 | Lair:2   | Killed a death yak
  9326 | Lair:2   | HP: 4/80 [death yak (17)]
  9329 | Lair:2   | Mangled by a death yak

Illustrated notes

Levels and vault maps discovered:
D:1:      roderic_octagonal_star, layout_rooms,
          ebering_ecumenical_altar_petrified
D:2:      layout_basic, minmay_pentomino_x4
D:3:      layout_basic, lemuel_coloured_pillars_altar, guppyfry_early_lair_pool
D:4:      layout_gridville, serial_shops, shop,
          mainiacjoe_sewer_entry_somewhere_in_here_2, uniq_duvessa
D:5:      layout_loops_ring, gammafunk_temple_overflow_pools, serial_shops,
          shop, minmay_gold_behind_fungi
D:6:      layout_rooms, led_xom_imps, mainiacjoe_overflow_concentric_impassable,
          kennysheep_mini, nicolae_uskayaw_murder_on_the_dancefloor,
          minmay_temple_entry_grid, st_stairs_7, chequers_serial_rivers_micro_e,
          uniq_menkaure, uniq_edmund
D:7:      layout_loops_corners, mainiacjoe_overflow_24_doors
D:8:      layout_basic, mainiacjoe_overflow_six_doors_small, uniq_erica
D:9:      cheibrodos_frozen_isle, layout_rooms, due_lair_maze_entry_diamond,
          hangedman_corner_corridor
Lair:1:   gammafunk_boulding_lane, layout_gridlike
Lair:2:   layout_loops_ring, minivault_23, grunt_megastairs_1

Skill      XL: |  1  2  3  4  5  6  7  8  9 10 11 12 |
---------------+-------------------------------------+-----
Dodging        | 2 3 4 5 6 7 8 |  8.0
Armour         | 3 4 5 6 7 9 10 | 10.7
Fighting       | 4 5 6 7 8 9 10 11 | 11.0
Maces & Flails | 4 5 6 7 8 9 10 | 10.1
Shields        | 3 5 6 8 9 |  9.0

Action                     |  1- 3 |  4- 6 |  7- 9 | 10-12 || total
---------------------------+-------+-------+-------+-------++-------
  Melee: Mace              |   121 |    44 |       |       ||   165
         Punch             |     3 |     2 |     1 |       ||     6
         Flail             |       |   140 |    54 |       ||   194
         Demon whip        |       |       |   216 |   399 ||   615
 Invoke: Berserk           |     1 |     3 |     3 |     1 ||     8
         Trog's Hand       |       |     1 |     2 |     1 ||     4
    Use: Scroll            |     4 |     1 |    12 |     3 ||    20
         Potion            |       |       |     3 |       ||     3
   Stab: Distracted        |       |       |     1 |       ||     1
 Armour: Animal skin       |    59 |       |       |       ||    59
         Scale mail        |    43 |   177 |    56 |       ||   276
         Chain mail        |       |       |   115 |   247 ||   362
  Dodge: Dodged            |    91 |   108 |   115 |   119 ||   433
  Block: Kite shield       |       |       |    92 |   163 ||   255

Table legend: (Time is in decaauts)
 A = Elapsed time spent in this place.
 B = Non-inter-level travel time spent in this place.
 C = Inter-level travel time spent in this place.
 D = Time resting spent in this place.
 E = Time spent auto-exploring this place.
 F = Levels seen in this place.
 G = Mean time per level.
                   A        B        C        D        E       F      G
               +--------+--------+--------+--------+--------+-----+--------+
         Total |   9377 |   9272 |    105 |    534 |   6542 |  11 |  852.5 |
       Dungeon |   7896 |   7791 |    105 |    534 |   5379 |   9 |  877.3 |
          Lair |   1480 |   1480 |      0 |      0 |   1163 |   2 |  740.0 |
               +--------+--------+--------+--------+--------+-----+--------+

Top non-repeatable levels by time:
     D:4: 1255 daAuts
  Lair:1: 1136 daAuts
     D:5: 1036 daAuts
     D:7: 1008 daAuts
     D:3: 986 daAuts
     D:2: 840 daAuts
     D:9: 802 daAuts
     D:1: 710 daAuts
     D:6: 635 daAuts
     D:8: 621 daAuts
  Lair:2: 343 daAuts
